HSSL
BROKEN ARROW HS @ MASCONOMET HS CHIEFTANS
04/20/2023
 
TOP OF THE 1ST
Broken Arrow HS batting - Pitching for Masconomet HS Chieftans : RHP Eric Wilson
Pitching: RHP Eric Wilson
Batting: RHB Irwin Robinson 0-0: Ball
1-0: Foul Ball, location: 2F
1-1: Foul Ball, location: 2F
1-2: Foul Ball, location: 2F
1-2: Foul Ball, location: 2F
1-2: Strikes out swinging
Batting: RHB Víctor León 0-0: Ball
1-0: Foul Ball, location: 2F
1-1: Fly out, F9 (Flyball, 9LS)
Batting: LHB Tim Ramsey 0-0: Ball
1-0: Fly out, F8 (Flyball, 8RM)
Top of the 1st over - 0 run(s), 0 hit(s), 0 error(s), 0 left on base; Broken Arrow HS 0 - Masconomet HS 0
BOTTOM OF THE 1ST
Masconomet HS Chieftans batting - Pitching for Broken Arrow HS : RHP Joe Rose
Pitching: RHP Joe Rose
Batting: RHB Juan Ortega 0-0: Called Strike
0-1: Ball
1-1: Called Strike
1-2: Ball
2-2: Foul Ball, location: 2F
2-2: Ball
3-2: Foul Ball, location: 2F
3-2: Base on Balls
Batting: LHB Juan Carlos Manuel 0-0: Ball
1-0: SINGLE (Flyball, 78M)
Juan Ortega to second
Batting: RHB Stephen Concepción 0-0: Called Strike
0-1: Ball
1-1: Swinging Strike
1-2: Ball
Wild Pitch!
Juan Ortega to third
Juan Carlos Manuel to second
2-2: Foul Ball, location: 2F
2-2: Strikes out swinging
Batting: RHB Carlos Huerta 0-0: Foul Ball, location: 2F
0-1: Swinging Strike
0-2: Strikes out swinging
Batting: LHB Aaron Atkins 0-0: Reached on error, E1 (Groundball, 13S)
Juan Ortega scores
Juan Carlos Manuel to third
Batting: RHB Brian Jackson 0-0: Ball
1-0: Ball
2-0: Ball
3-0: Base on Balls
Aaron Atkins to second
Batting: SHB Tomás Sánchez 0-0: Ball
1-0: Ball
2-0: Called Strike
2-1: SINGLE (Flyball, 89S)
Juan Carlos Manuel scores
Aaron Atkins to third
Brian Jackson to second
Batting: SHB Rod Good 0-0: Called Strike
0-1: Called Strike
0-2: Ball
1-2: Fly out, F9 (Flyball, 9LMF)
Bottom of the 1st over - 2 run(s), 2 hit(s), 1 error(s), 3 left on base; Broken Arrow HS 0 - Masconomet HS 2
TOP OF THE 2ND
Broken Arrow HS batting - Pitching for Masconomet HS Chieftans : RHP Eric Wilson
Batting: RHB Christian Moss 0-0: Ball
1-0: Ball
2-0: Ground out 6-3 (Groundball, 6M)
Batting: RHB Júlio Hobbs 0-0: Swinging Strike
0-1: Ball
1-1: SINGLE (Groundball, 34D)
Batting: RHB David Ward 0-0: Ball
1-0: Called Strike
1-1: TRIPLE (Line Drive, 9M)
Júlio Hobbs scores
Batting: SHB Sean Brown 0-0: Called Strike
0-1: Called Strike
0-2: Ball
1-2: Ball
2-2: Fly out, F6 (Popup, 56D)
Batting: LHB Jon Jackson 0-0: Fly out, F9 (Flyball, 9M)
Top of the 2nd over - 1 run(s), 2 hit(s), 0 error(s), 1 left on base; Broken Arrow HS 1 - Masconomet HS 2
BOTTOM OF THE 2ND
Masconomet HS Chieftans batting - Pitching for Broken Arrow HS : RHP Joe Rose
Batting: LHB Carlos Lacarra 0-0: SINGLE (Groundball, 34)
Batting: RHB Juan Ortega 0-0: Ball
1-0: Swinging Strike
1-1: Foul Ball, location: 2F
1-2: Ball
2-2: DOUBLE (Line Drive, 9LS)
Carlos Lacarra to third
Batting: LHB Juan Carlos Manuel 0-0: Called Strike
0-1: Foul Ball, location: 2F
0-2: Ground out 4-3 (Groundball, 4M)
Carlos Lacarra scores
Juan Ortega to third
Batting: RHB Stephen Concepción 0-0: Ball
1-0: Called Strike
1-1: Ball
2-1: Swinging Strike
2-2: Fly out, F7 (Flyball, 78S)
Batting: RHB Carlos Huerta 0-0: Called Strike
0-1: Ground out 5-3 (Groundball, 56S)
Bottom of the 2nd over - 1 run(s), 2 hit(s), 0 error(s), 1 left on base; Broken Arrow HS 1 - Masconomet HS 3
TOP OF THE 3RD
Broken Arrow HS batting - Pitching for Masconomet HS Chieftans : RHP Eric Wilson
Batting: LHB Frank Vázquez 0-0: Foul Ball, location: 2F
0-1: Ball
1-1: Called Strike
1-2: Strikes out swinging
Batting: RHB Irwin Robinson 0-0: SINGLE (Groundball, 6MD)
Batting: RHB Víctor León 0-0: Ball
Pickoff Throw to First - Error! E1
Irwin Robinson to second
1-0: Swinging Strike
1-1: Ball
2-1: Ball
3-1: Called Strike
3-2: Ground out 6-3 (Groundball, 6)
Batting: LHB Tim Ramsey 0-0: Ball
1-0: Ball
2-0: Foul Ball, location: 2F
2-1: SINGLE (Line Drive, 7S)
Irwin Robinson to third
Batting: RHB Christian Moss 0-0: Ball
1-0: Foul Ball, location: 2F
1-1: Fly out, F8 (Flyball, 8RM)
Top of the 3rd over - 0 run(s), 2 hit(s), 1 error(s), 2 left on base; Broken Arrow HS 1 - Masconomet HS 3
BOTTOM OF THE 3RD
Masconomet HS Chieftans batting - Pitching for Broken Arrow HS : RHP Joe Rose
Batting: LHB Aaron Atkins 0-0: Ball
1-0: Swinging Strike
1-1: Swinging Strike
1-2: Foul Ball, location: 2F
1-2: Ball
2-2: Strikes out swinging
Batting: RHB Brian Jackson 0-0: Ball
1-0: Ball
2-0: Called Strike
2-1: Foul Ball, location: 2F
2-2: Ball
3-2: Foul Ball, location: 2F
3-2: Strikes out swinging
Batting: SHB Tomás Sánchez 0-0: Ball
1-0: Ball
2-0: Called Strike
2-1: Ball
3-1: Base on Balls
Batting: SHB Rod Good 0-0: Called Strike
Tomás Sánchez is caught stealing 2nd base
Bottom of the 3rd over - 0 run(s), 0 hit(s), 0 error(s), 0 left on base; Broken Arrow HS 1 - Masconomet HS 3
TOP OF THE 4TH
Broken Arrow HS batting - Pitching for Masconomet HS Chieftans : RHP Eric Wilson
Batting: RHB Júlio Hobbs 0-0: Reached on error, E5 (Groundball, 56)
Batting: RHB David Ward 0-0: Swinging Strike
0-1: DOUBLE (Groundball, 5L)
Júlio Hobbs to third
Batting: SHB Sean Brown 0-0: Called Strike
0-1: Foul Ball, location: 2F
0-2: Ball
1-2: Ball
2-2: SINGLE (Groundball, 34D)
Júlio Hobbs scores
David Ward to third
Runner from 3rd tries for Home, SAFE, no throw or cutoff
Batting: LHB Jon Jackson 0-0: Ball
Sean Brown steals 2nd base
1-0: Ground out 6-3 (Groundball, 6)
Sean Brown to third
Batting: LHB Frank Vázquez 0-0: Ball
1-0: Ball
2-0: Ground out 1-3 (Groundball, 13S)
Batting: RHB Irwin Robinson 0-0: Called Strike
0-1: Ball
1-1: Called Strike
1-2: SINGLE (Flyball, 89M)
Sean Brown scores
Batting: RHB Víctor León 0-0: SINGLE (Line Drive, 7S)
Irwin Robinson to second
Batting: LHB Tim Ramsey 0-0: Ball
1-0: Called Strike
1-1: Ball
2-1: Ball
3-1: SINGLE (Groundball, 34D)
Irwin Robinson to third
Víctor León to second
Runner from 3rd tries for Home, SAFE, no throw or cutoff
Batting: RHB Christian Moss 0-0: Ball
1-0: 3-RUN HOME RUN (Flyball, 7D), Distance : 405 ft
Batting: RHB Júlio Hobbs 0-0: Foul Ball, location: 2F
0-1: Ball
1-1: Foul Ball, location: 2F
1-2: Foul Ball, location: 2F
1-2: Ball
2-2: Ground out 5-3 (Groundball, 5)
Top of the 4th over - 7 run(s), 6 hit(s), 1 error(s), 0 left on base; Broken Arrow HS 8 - Masconomet HS 3
BOTTOM OF THE 4TH
Masconomet HS Chieftans batting - Pitching for Broken Arrow HS : RHP Joe Rose
Batting: SHB Rod Good 0-0: SINGLE (Line Drive, 56D)
Batting: LHB Carlos Lacarra 0-0: Ball
1-0: Foul Ball, location: 2F
1-1: Ball
2-1: Called Strike
2-2: Strikes out swinging
Batting: RHB Juan Ortega 0-0: Foul Ball, location: 2F
0-1: Grounds into double play, 6-4-3 (Groundball, 6)
Bottom of the 4th over - 0 run(s), 1 hit(s), 0 error(s), 0 left on base; Broken Arrow HS 8 - Masconomet HS 3
TOP OF THE 5TH
Broken Arrow HS batting - Pitching for Masconomet HS Chieftans : RHP Eric Wilson
Pitching: RHP Ray Campbell
Batting: RHB David Ward 0-0: Ball
1-0: DOUBLE (Line Drive, 5)
Batting: SHB Sean Brown 0-0: Ball
1-0: Ball
2-0: Ball
3-0: Called Strike
3-1: Base on Balls
Batting: LHB Jon Jackson 0-0: Called Strike
0-1: Swinging Strike
0-2: Grounds into double play, 4-6-3 (Groundball, 4)
David Ward to third
Batting: LHB Frank Vázquez 0-0: Called Strike
0-1: Swinging Strike
0-2: Ball
1-2: Foul Ball, location: 2F
1-2: Ball
2-2: Ball
3-2: Foul Ball, location: 2F
3-2: Foul Ball, location: 2F
3-2: Strikes out swinging
Top of the 5th over - 0 run(s), 1 hit(s), 0 error(s), 1 left on base; Broken Arrow HS 8 - Masconomet HS 3
BOTTOM OF THE 5TH
Masconomet HS Chieftans batting - Pitching for Broken Arrow HS : RHP Joe Rose
Batting: LHB Juan Carlos Manuel 0-0: Ball
1-0: Called Strike
1-1: Swinging Strike
1-2: Foul Ball, location: 2F
1-2: Ball
2-2: Foul Ball, location: 2F
2-2: Foul Ball, location: 2F
2-2: Fly out, F8 (Flyball, 8RM)
Pitching: RHP Roberto Solís
Batting: RHB Stephen Concepción 0-0: Called Strike
0-1: Swinging Strike
0-2: Ground out 5-3 (Groundball, 56)
Batting: RHB Carlos Huerta 0-0: Called Strike
0-1: Ball
1-1: Called Strike
1-2: Strikes out swinging
Bottom of the 5th over - 0 run(s), 0 hit(s), 0 error(s), 0 left on base; Broken Arrow HS 8 - Masconomet HS 3
TOP OF THE 6TH
Broken Arrow HS batting - Pitching for Masconomet HS Chieftans : RHP Ray Campbell
Batting: RHB Irwin Robinson 0-0: Ball
1-0: Ball
2-0: Ball
3-0: Called Strike
3-1: Base on Balls
Batting: RHB Víctor León 0-0: Swinging Strike
0-1: Ball
1-1: Swinging Strike
1-2: Ball
2-2: Grounds into double play, 6-4-3 (Groundball, 6)
Batting: LHB Tim Ramsey 0-0: Ball
1-0: Ball
2-0: Ball
3-0: Base on Balls
Batting: RHB Christian Moss 0-0: Fly out, F7 (Flyball, 7LM)
Top of the 6th over - 0 run(s), 0 hit(s), 0 error(s), 1 left on base; Broken Arrow HS 8 - Masconomet HS 3
BOTTOM OF THE 6TH
Masconomet HS Chieftans batting - Pitching for Broken Arrow HS : RHP Roberto Solís
Batting: LHB Aaron Atkins 0-0: Called Strike
0-1: Foul Ball, location: 2F
0-2: Ball
1-2: Strikes out swinging
Batting: RHB Brian Jackson 0-0: Ball
1-0: Ball
2-0: Ball
3-0: Called Strike
3-1: Base on Balls
Batting: SHB Tomás Sánchez 0-0: 2-RUN HOME RUN (Line Drive, 78XD), Distance : 439 ft
Batting: SHB Rod Good 0-0: Swinging Strike
0-1: Foul Ball, location: 2F
0-2: Strikes out swinging
Batting: LHB Carlos Lacarra 0-0: Ball
1-0: Ball
2-0: Fly out, F8 (Flyball, 8LM)
Bottom of the 6th over - 2 run(s), 1 hit(s), 0 error(s), 0 left on base; Broken Arrow HS 8 - Masconomet HS 5
TOP OF THE 7TH
Broken Arrow HS batting - Pitching for Masconomet HS Chieftans : RHP Ray Campbell
Pitching: LHP Paco Oliva
Batting: RHB Júlio Hobbs 0-0: Called Strike
0-1: Called Strike
0-2: Foul Ball, location: 2F
0-2: Ground out 6-3 (Groundball, 6)
Batting: RHB David Ward 0-0: Ball
1-0: Called Strike
1-1: Foul Ball, location: 2F
1-2: Ball
2-2: Foul Ball, location: 2F
2-2: Foul Ball, location: 2F
2-2: Ball
3-2: Reached on error, E5 (Groundball, 56)
Batting: SHB Sean Brown 0-0: Ball
1-0: Ball
2-0: Ball
3-0: Called Strike
3-1: Swinging Strike
3-2: Ground out 3-1 (Groundball, 34)
David Ward to second
Batting: LHB Jon Jackson 0-0: Ground out 2-3 (Groundball, 2R)
Top of the 7th over - 0 run(s), 0 hit(s), 1 error(s), 1 left on base; Broken Arrow HS 8 - Masconomet HS 5
BOTTOM OF THE 7TH
Masconomet HS Chieftans batting - Pitching for Broken Arrow HS : RHP Roberto Solís
Batting: RHB Juan Ortega 0-0: Called Strike
0-1: Ball
1-1: Foul Ball, location: 2F
1-2: Ball
2-2: Strikes out swinging
Pitching: LHP Raúl Rivas
Batting: LHB Juan Carlos Manuel 0-0: Called Strike
0-1: Foul Ball, location: 2F
0-2: Strikes out swinging
Batting: RHB Stephen Concepción 0-0: Ball
1-0: Called Strike
1-1: Ball
2-1: Ground out 5-3 (Groundball, 56)
Bottom of the 7th over - 0 run(s), 0 hit(s), 0 error(s), 0 left on base; Broken Arrow HS 8 - Masconomet HS 5
TOP OF THE 8TH
Broken Arrow HS batting - Pitching for Masconomet HS Chieftans : LHP Paco Oliva
Batting: LHB Frank Vázquez 0-0: Called Strike
0-1: Called Strike
0-2: Strikes out looking
Batting: RHB Irwin Robinson 0-0: Called Strike
0-1: Called Strike
0-2: Ball
1-2: Ball
2-2: Ball
3-2: Base on Balls
Batting: RHB Víctor León 0-0: Ball
1-0: Called Strike
1-1: Ball
2-1: Swinging Strike
2-2: Strikes out swinging
Batting: LHB Tim Ramsey 0-0: Ball
1-0: Fly out, F4 (Popup, 4S)
Top of the 8th over - 0 run(s), 0 hit(s), 0 error(s), 1 left on base; Broken Arrow HS 8 - Masconomet HS 5
BOTTOM OF THE 8TH
Masconomet HS Chieftans batting - Pitching for Broken Arrow HS : LHP Raúl Rivas
Now at SS: Ray Foley
Now in CF: Shayne Garneau
Batting: RHB Carlos Huerta 0-0: Ball
1-0: Foul Ball, location: 2F
1-1: Ball
2-1: Swinging Strike
2-2: Ball
3-2: Strikes out looking
Batting: LHB Aaron Atkins 0-0: Foul Ball, location: 2F
0-1: Ball
1-1: Swinging Strike
1-2: Foul Ball, location: 2F
1-2: SINGLE (Groundball, 56D)
Pitching: RHP Tom Cunningham
Batting: RHB Brian Jackson 0-0: Ball
1-0: Ball
2-0: Swinging Strike
2-1: Foul Ball, location: 2F
2-2: Strikes out looking
Batting: SHB Tomás Sánchez 0-0: Fly out, F7 (Flyball, 78M)
Bottom of the 8th over - 0 run(s), 1 hit(s), 0 error(s), 1 left on base; Broken Arrow HS 8 - Masconomet HS 5
TOP OF THE 9TH
Broken Arrow HS batting - Pitching for Masconomet HS Chieftans : LHP Paco Oliva
Batting: RHB Christian Moss 0-0: Ball
1-0: Ball
2-0: Called Strike
2-1: SINGLE (Groundball, 56D)
Pitching: RHP Jim Hickman
Batting: RHB Júlio Hobbs 0-0: Ball
1-0: Ball
2-0: Ball
3-0: Called Strike
3-1: Called Strike
3-2: Base on Balls
Christian Moss to second
Batting: RHB David Ward 0-0: Swinging Strike
0-1: Called Strike
0-2: Ball
1-2: Strikes out swinging
Batting: SHB Sean Brown 0-0: Called Strike
0-1: Swinging Strike
0-2: Foul Ball, location: 2F
0-2: Foul Ball, location: 2F
0-2: Strikes out swinging
Batting: LHB Jon Jackson 0-0: Fly out, F8 (Flyball, 8RM)
Top of the 9th over - 0 run(s), 1 hit(s), 0 error(s), 2 left on base; Broken Arrow HS 8 - Masconomet HS 5
BOTTOM OF THE 9TH
Masconomet HS Chieftans batting - Pitching for Broken Arrow HS : RHP Tom Cunningham
Pitching: RHP Gabriel Rodríguez
Now at C: Rubén Hernández
Batting: SHB Rod Good 0-0: SINGLE (Groundball, 4M)
Batting: LHB Carlos Lacarra 0-0: Ball
1-0: Ball
2-0: Ball
3-0: Base on Balls
Rod Good to second
Batting: RHB Juan Ortega 0-0: Ball
1-0: Swinging Strike
1-1: Foul Ball, location: 2F
1-2: Foul Ball, location: 2F
1-2: Ball
2-2: Foul Ball, location: 2F
2-2: Ball
3-2: Strikes out looking
Batting: LHB Juan Carlos Manuel 0-0: Ball
1-0: Foul Ball, location: 2F
1-1: Ball
2-1: Foul Ball, location: 2F
2-2: Foul Ball, location: 2F
2-2: Strikes out swinging
Batting: RHB Stephen Concepción 0-0: Ball
1-0: Ball
2-0: Ball
3-0: Base on Balls
Rod Good to third
Carlos Lacarra to second
Batting: RHB Carlos Huerta 0-0: Called Strike
0-1: Ball
1-1: Ball
2-1: Ball
3-1: Foul Ball, location: 2F
3-2: Base on Balls
Rod Good scores
Carlos Lacarra to third
Stephen Concepción to second
Batting: LHB Aaron Atkins 0-0: Called Strike
0-1: Ball
1-1: Swinging Strike
1-2: Ball
2-2: Foul Ball, location: 2F
2-2: Fly out, F7 (Flyball, 78M)
Bottom of the 9th over - 1 run(s), 1 hit(s), 0 error(s), 3 left on base; Broken Arrow HS 8 - Masconomet HS 6
This league is powered by Out of the Park Baseball, the baseball management simulation game for PC, Mac and Linux
Wednesday, December 2nd, 2015 - OOTP Baseball 16.8 Build 38